 Dungeon Crawl Stone Soup version 0.28.0-45-g0d030f2227 (webtiles) character file.

Game seed: 16257988587159016555

3512 firemarshallily the Thaumaturge (level 10, -4/61 HPs)
             Began as a Djinni Summoner on Apr 2, 2022.
             Was a Priest of Nemelex Xobeh.
             Slain by a slime creature (18 damage)
             ... on level 7 of the Dungeon on Apr 11, 2022.
             The game lasted 00:43:44 (8280 turns).

firemarshallily the Thaumaturge (Djinni Summoner)   Turns: 8280, Time: 00:43:44

Health: -4/61      AC:  2    Str:  7    XL:     10   Next: 28%
Gold:   249        EV: 16    Int: 21    God:    Nemelex Xobeh [***...] SH:  0 Dex: 14

rFire   + + .      SeeInvis .   B - +0 lajatang (vamp)
rCold   x . .      Faith    .   (shield currently unavailable)
rNeg    . . .      Spirit   .   a - +0 robe
rPois   ∞          Reflect  .   (no helmet)
rElec   .          Harm     .   (no cloak)
rCorr   .          Rampage  .   (no gloves)
Will    +....                   (boots unavailable)
Stlth   ++........              (no amulet)
HPRegen 0.20/turn               n - +4 ring of evasion
MPRegen 0.00/turn               (no ring)

@: flying
A: sickness immunity, fire resistance 2, cold vulnerability 1, float, innate
caster, HP casting, extra vitality 1
a: Renounce Religion, Draw Escape, Draw Destruction, Draw Summoning, Triple Draw


You were on level 7 of the Dungeon.
You worshipped Nemelex Xobeh.
Nemelex Xobeh was most pleased with you.
You visited 1 branch of the dungeon, and saw 7 of its levels.

You collected 366 gold pieces.
You spent 117 gold pieces at shops.

Inventory:

Hand Weapons
 b - a +2 war axe of holy wrath
 B - a +0 vampiric lajatang (weapon)
Missiles
 i - 185 stones
 y - a throwing net
Armour
 a - a +0 robe (worn)
 m - a +0 ring mail
 A - a +1 leather armour of fire resistance
 F - +0 swamp dragon scales
Magical Staves
 C - a staff of air
Jewellery
 n - a +4 ring of evasion (left hand)
Wands
 j - a wand of mindburst (9)
 p - a wand of flame (17)
 q - a wand of polymorph (3)
 s - a wand of iceblast (5)
Scrolls
 c - a scroll of fog
 d - 2 scrolls of identify
 g - a scroll of blinking
 k - a scroll of enchant weapon
 v - a scroll of enchant armour
 w - a scroll of torment {unknown}
 x - a scroll of summoning {unknown}
 D - a scroll of immolation {unknown}
 E - a scroll of acquirement {unknown}
 G - a scroll of teleportation {unknown}
Potions
 e - 2 potions of haste
 f - 3 potions of curing
 h - a potion of heal wounds {unknown}
 l - 4 potions of lignification
 o - 3 potions of brilliance {unknown}
 r - 2 potions of resistance {unknown}
 t - 2 potions of attraction {unknown}
 u - a potion of ambrosia {unknown}
 z - a potion of berserk rage {unknown}


   Skills:
 + Level 0.4 Fighting
 + Level 2.4 Axes
 + Level 1.1 Staves
 + Level 2.8 Dodging
 + Level 2.3 Stealth
 * Level 10.1 Spellcasting
 * Level 4.7 Invocations


You had 8 spell levels left.
You knew the following spells:

 Your Spells              Type           Power      Damage    Failure   Level
a - Summon Small Mammal   Summ           100%       N/A       1%          1
b - Call Imp              Summ           52%        N/A       1%          2
c - Call Canine Familiar  Summ           52%        N/A       1%          3
d - Summon Guardian Gole  Hex/Summ       52%        N/A       1%          3
e - Summon Lightning Spi  Summ/Air       52%        N/A       1%          4
f - Slow                  Hex            100%       N/A       1%          1
g - Searing Ray           Conj           100%       2d8       1%          2
h - Ensorcelled Hibernat  Hex/Ice        100%       N/A       1%          2
i - Teleport Other        Tloc           52%        N/A       1%          3
Your spell library was empty.

Dungeon Overview and Level Annotations

Branches:
Dungeon (7/15)             Temple (0/1) D:4

Altars:
Dithmenos
Makhleb
Nemelex Xobeh
Sif Muna
Uskayaw

Shops:
D:4 ?   D:5 !


Innate Abilities, Weirdness & Mutations

You are immune to sickness and miasma.
You are immune to poison.
Your flesh is very heat resistant. (rF++)
You are vulnerable to cold. (rC-)
You float through the air rather than walking.
You learn spells naturally, not from books.
Your magical power is your life essence.
You have superior vitality. (+4 MHP)


Message History

The slime creature is lightly wounded.
Your wolf bites the slime creature! x2; The slime creature barely misses you.
Your shadow imp hits the slime creature.
The slime creature hits you!
Your wolf bites the slime creature!
Casting: Call Imp (safe; 1% risk of failure)
Confirm with . or Enter, or press ? or * to list all spells.
Okay, then.
Casting: Call Imp (safe; 1% risk of failure)
Confirm with . or Enter, or press ? or * to list all spells.
An electric hum fills the air.
Your wolf bites the slime creature.
The slime creature completely misses your wolf.
Your shadow imp hits the slime creature.
An iguana comes into view.
The slime creature hits you!
* * * LOW HITPOINT WARNING * * *
Your wolf bites the slime creature!
The slime creature hits your wolf!
Your wolf dies!
Your wolf's corpse disappears in a puff of smoke!
Your shadow imp hits the slime creature.
The slime creature hits your shadow imp!!
Your shadow imp dies!
Your shadow imp disappears in a puff of smoke!
The slime creature quivers.
Casting: Summon Lightning Spire (dangerous; 1% risk of failure)
Confirm with . or Enter, or press ? or * to list all spells.
* * * LOW HITPOINT WARNING * * *
The slime creature completely misses you.
Your lightning spire shoots out a bolt of lightning at the slime creature!
The bolt of electricity hits the slime creature!
The slime creature dies!
The bolt of electricity hits your lightning spire.
Your lightning spire completely resists.
The bolt of electricity hits your lightning spire.
Your lightning spire completely resists.
You slash the slime creature!
You feel better.
The slime creature is lightly wounded.
The slime creature hits you!!
You die...
Your body glows slightly and disappears.

# ... #####
....##§§§##
##...☼<§.#
#.......##
#......J8#
#.#l.)..@#
.. #####J.#
. #h..
#.##. ...
.. ...# +#
...# .#..


You could see 2 slime creatures, an iguana, a friendly warg (summoned) and a
friendly lightning spire (summoned).

Vanquished Creatures
  A phantom (D:4)
  Ijyb (D:3)
  An orc wizard (D:4)
  2 howler monkey zombies (D:5)
  A gnoll (D:3)
  2 adders
  2 worms (D:2)
  A bat (D:1)
  An endoplasm (D:3)
  A goblin (D:4)
  A hobgoblin (D:1)
  A jackal (D:2)
  A ball python (D:1)
  3 kobolds
  A rat (D:3)
20 creatures vanquished.

Vanquished Creatures (collateral kills)
  Maggie (D:6)
  Prince Ribbit (D:6)
  A slime creature (D:7)
  Eustachio (D:5)
  An acid dragon (D:5)
  A hornet zombie (D:6)
  An ice beast (D:6)
  2 ogres
  2 necrophages (D:4)
  A phantom (D:5)
  Blork the orc (D:6)
  A lemure (D:5)
  2 scorpions
  A wyvern zombie (D:6)
  A water moccasin zombie (D:5)
  A jelly (D:6)
  3 hounds
  An orc priest (D:5)
  A gnoll shaman (D:5)
  2 orc wizards
  8 gnolls
  5 adders
  An adder skeleton (D:4)
  3 worms
  A dart slug (D:1)
  16 orcs
  3 ball pythons
  2 bats (D:2)
  4 endoplasms
  6 hobgoblins
  2 jackals (D:2)
  2 quokkas
  A frilled lizard (D:1)
  3 goblins
  4 kobolds
  4 rats
91 creatures vanquished.

Vanquished Creatures (others)
  A slime creature (D:7)
  Pikel (D:5)
  An orc warrior (D:4)
3 creatures vanquished.

Grand Total: 114 creatures vanquished

Notes
Turn   | Place    | Note
-------+----------+-------------------------------------------
     0 | D:1      | firemarshallily the Djinni Summoner began the quest for the
                  | Orb.
     0 | D:1      | Reached XP level 1. HP: 15/15 MP: 0/0
   358 | D:1      | Reached XP level 2. HP: 19/21 MP: 0/0
   797 | D:2      | Found a sparkling altar of Nemelex Xobeh.
   818 | D:2      | Became a worshipper of Nemelex Xobeh the Trickster
   976 | D:2      | HP: 1/21 [kobold/+2 dagger of venom (5)]
  1166 | D:2      | Reached XP level 3. HP: 14/25 MP: 0/0
  1166 | D:2      | Learned a level 1 spell: Slow
  1659 | D:2      | Found a faded altar of an unknown god.
  1986 | D:2      | Reached skill level 4 in Spellcasting
  2071 | D:2      | Reached XP level 4. HP: 29/31 MP: 0/0
  2233 | D:2      | Upgraded the game from 0.28.0-43-g3370ac3207 to
                  | 0.28.0-45-g0d030f2227
  2577 | D:3      | Reached skill level 1 in Axes
  2581 | D:3      | Reached XP level 5. HP: 15/35 MP: 0/0
  2581 | D:3      | Learned a level 2 spell: Searing Ray
  2852 | D:3      | Reached * piety under Nemelex Xobeh
  2909 | D:3      | Found a burning altar of Makhleb.
  2914 | D:3      | Found a shadowy altar of Dithmenos.
  3057 | D:3      | Noticed Ijyb
  3082 | D:3      | Killed Ijyb
  3480 | D:3      | Received a gift from Nemelex Xobeh
  3546 | D:4      | Found a hide-covered altar of Uskayaw.
  3564 | D:4      | Found a staircase to the Ecumenical Temple.
  3577 | D:4      | Reached XP level 6. HP: 37/40 MP: 0/0
  3696 | D:4      | Reached skill level 5 in Spellcasting
  3696 | D:4      | Reached skill level 1 in Invocations
  4196 | D:4      | Noticed an ogre
  4205 | D:4      | Killed an ogre
  4206 | D:4      | Reached XP level 7. HP: 34/46 MP: 0/0
  4206 | D:4      | Learned a level 2 spell: Ensorcelled Hibernation
  4237 | D:4      | Reached skill level 6 in Spellcasting
  4707 | D:4      | Found Luan's Magic Scroll Boutique.
  4710 | D:4      | Bought 3 scrolls of identify for 84 gold pieces
  4728 | D:4      | Reached ** piety under Nemelex Xobeh
  5178 | D:5      | Entered Level 5 of the Dungeon
  5178 | D:5      | Noticed an acid dragon
  5196 | D:4      | Reached XP level 8. HP: 12/51 MP: 0/0
  5479 | D:5      | Noticed Pikel
  5492 | D:5      | Killed Pikel
  5493 | D:5      | Reached skill level 7 in Spellcasting
  5916 | D:5      | Reached XP level 9. HP: 54/56 MP: 0/0
  5916 | D:5      | Learned a level 3 spell: Teleport Other
  5922 | D:5      | Received a gift from Nemelex Xobeh
  5926 | D:5      | Reached skill level 8 in Spellcasting
  6362 | D:5      | Noticed Eustachio
  6401 | D:5      | Killed Eustachio
  6406 | D:5      | Found Builiucw's Distillery.
  6475 | D:5      | Bought a potion of curing for 33 gold pieces
  6914 | D:6      | Noticed Prince Ribbit
  6947 | D:6      | Killed Prince Ribbit
  7130 | D:6      | Noticed Blork the orc
  7155 | D:6      | Killed Blork the orc
  7176 | D:6      | Reached skill level 9 in Spellcasting
  7497 | D:6      | Noticed Maggie
  7517 | D:6      | Killed Maggie
  7953 | D:6      | Reached XP level 10. HP: 54/61 MP: 0/0
  8016 | D:6      | Reached *** piety under Nemelex Xobeh
  8275 | D:7      | Killed a very large slime creature
  8276 | D:7      | Reached skill level 1 in Staves
  8276 | D:7      | Reached skill level 10 in Spellcasting
  8280 | D:7      | Slain by a slime creature

Illustrated notes

Levels and vault maps discovered:
D:1:      dpeg_arrival_erosion, layout_basic
D:2:      layout_loops_ring, basic_altar, shapermc_ecumenical_altar_flowoftime
D:3:      layout_basic, grunt_temple_overflow_open, uniq_ijyb
D:4:      layout_basic, mainiacjoe_overflow_tiny_flanked, lemuel_crystal_altar,
          minmay_temple_entry_steel_oval, serial_shops, kennysheep_mini_moat,
          grunt_ministairs_1, minmay_splitting_lines
D:5:      layout_loops_cross, serial_shops, shop, uniq_pikel, uniq_eustachio
D:6:      layout_loops_ring, serial_co_window_serial, co_window_corner_a,
          co_window_corner_a, co_window_paths_a, co_window_paths_b,
          co_window_paths_a, co_window_of_opportunity_a, co_window_corner_a,
          co_window_paths_b, co_window_paths_b, co_window_cross_2,
          co_window_of_opportunity_b, co_window_corner_cb,
          co_window_unsneaky_path_a, co_window_unsneaky_path_c,
          co_window_corner_cb, co_window_4corner_a, glass_columns_b,
          glass_columns_b, grunt_ministairs_6, uniq_blork_the_orc,
          uniq_prince_ribbit1, uniq_maggie
D:7:      layout_cave_pools, nicolae_hepliaklqana_hippocampus, enter_bailey_8,
          minmay_misc_feat_columns

Skill      XL: |  1  2  3  4  5  6  7  8  9 10 |
---------------+-------------------------------+-----
Spellcasting   | 4 5 6 7 9 10 | 10.1
Axes           | 1 2 |  2.4
Invocations    | 1 2 3 4 |  4.7
Stealth        | 2 |  2.3
Staves         | 1 |  1.1
Fighting       | |  0.4
Dodging        | |  2.8

Action                   |  1- 3 |  4- 6 |  7- 9 | 10-12 || total
-------------------------+-------+-------+-------+-------++-------
Melee: War axe           |    29 |    29 |    10 |       ||    68
       Lajatang          |       |       |    11 |     3 ||    14
 Cast: Summon Small Mamm |    52 |    53 |    50 |     2 ||   157
       Call Imp          |     1 |    18 |    23 |     2 ||    44
       Slow              |       |     6 |       |       ||     6
       Searing Ray       |       |     2 |     1 |       ||     3
       Call Canine Famil |       |     1 |    25 |     2 ||    28
       Summon Guardian G |       |     1 |     7 |     1 ||     9
       Summon Lightning  |       |       |    12 |     3 ||    15
  Use: Scroll            |     1 |       |     7 |       ||     8
       Potion            |     1 |       |       |       ||     1
 Stab: Distracted        |     1 |       |     1 |       ||     2
Armor: Robe              |     1 |     2 |     2 |       ||     5
Dodge: Dodged            |    30 |    24 |    38 |     3 ||    95
